 Dungeon Crawl Stone Soup version 0.28.0-47-ge53b351184 (webtiles) character file.

Game seed: 16787274748453314775

9220 pkoi the Geomancer (level 11, -2/86 HPs)
             Began as a Demigod Earth Elementalist on May 7, 2022.
             Slain by a hell knight
             ... wielding a +1 scimitar of flaming
              (4 damage)
             ... in a volcano.
             The game lasted 00:29:24 (20026 turns).

pkoi the Geomancer (Demigod Earth Elementalist)    Turns: 20026, Time: 00:29:25

Health: -2/86      AC: 13    Str:  9    XL:     11   Next: 0%
Magic:  15/20      EV: 11    Int: 29    God:
Gold:   448        SH:  9    Dex: 14    Spells: 4/18 levels left

rFire   . . .      SeeInvis .   m - +2 dagger (venom)
rCold   . . .      Faith    .   G - +0 buckler
rNeg    . . .      Spirit   .   r - +1 leather armour {rPois}
rPois   +          Reflect  +   n - +1 helmet
rElec   .          Harm     .   u - +2 cloak
rCorr   .          Rampage  .   i - +0 pair of gloves
Will    +....                   H - +1 pair of boots
Stlth   +++.......              v - amulet of reflection
HPRegen 0.24/turn               e - ring of flight
MPRegen 0.17/turn               A - ring of poison resistance

@: flying, studying Shields
A: high MP 1, forlorn, divine attributes
a: no special abilities


You were in a volcano.
You visited 2 branches of the dungeon, and saw 10 of its levels.
You also visited: Bailey and Volcano.

You collected 448 gold pieces.

Inventory:

Hand Weapons
 a - a +0 dagger
 m - a +2 dagger of venom (weapon)
 y - a +3 spear
 B - a +1 dagger of holy wrath
 D - a +3 dagger
 F - a +2 vorpal executioner's axe
Missiles
 c - 352 stones
 l - 10 poisoned darts
Armour
 b - a +0 robe
 i - a +0 pair of gloves (worn)
 n - a +1 helmet (worn)
 r - a +1 leather armour of poison resistance (worn)
 u - a +2 cloak (worn)
 G - a +0 buckler (worn)
 H - a +1 pair of boots (worn)
Jewellery
 e - a ring of flight (left hand)
 v - an amulet of reflection (around neck)
 A - a ring of poison resistance (right hand)
Wands
 q - a wand of digging (3)
 C - a wand of flame (20)
 E - a wand of iceblast (6)
Scrolls
 g - 4 scrolls of teleportation
 j - 4 scrolls of enchant weapon
 x - a scroll of summoning
 z - 3 scrolls of identify
Potions
 d - a potion of attraction {unknown}
 f - 2 potions of degeneration {unknown}
 h - a potion of brilliance {unknown}
 k - 2 potions of lignification {unknown}
 o - 4 potions of heal wounds
 p - 3 potions of curing
 s - a potion of cancellation
 t - a potion of might {unknown}
 w - 4 potions of mutation {unknown}


   Skills:
 + Level 5.0 Fighting
 + Level 4.7 Short Blades
 + Level 4.6 Armour
 - Level 1.7 Dodging
 + Level 5.7 Stealth
 + Level 2.2 Shields
 + Level 4.1 Spellcasting
 - Level 1.0 Translocations
 + Level 5.4 Transmutations
 - Level 3.0 Air Magic
 + Level 8.4 Earth Magic
 + Level 5.6 Poison Magic


You had 4 spell levels left.
You knew the following spells:

 Your Spells              Type           Power      Damage    Failure   Level
a - Sandblast             Erth           100%       2d20      1%          1
b - Poisonous Vapours     Pois/Air       62%        N/A       3%          2
c - Petrify               Tmut/Erth      46%        N/A       7%          4
d - Passwall              Tmut/Erth      38%        N/A       1%          2
e - Apportation           Tloc           24%        N/A       8%          1
f - Olgreb's Toxic Radia  Pois           38%        N/A       12%         4

Your spell library contained the following spells:

 Spells                   Type           Power      Damage    Failure   Level
 Beastly Appendage        Tmut           74%        N/A       1%          1
 Sting                    Tmut/Pois      100%       1d8       1%          1
 Wereblood                Tmut           37%        N/A       1%          2
 Spider Form              Tmut/Pois      38%        N/A       3%          3
 Stone Arrow              Conj/Erth      60%        3d10      7%          3
 Corpse Rot               Necr/Air       28%        N/A       10%         2
 Alistair's Intoxication  Tmut/Pois      25%        N/A       34%         5


Dungeon Overview and Level Annotations

Branches:
Dungeon (9/15)             Temple (0/1) D:5            Lair (1/6) D:9
 Bailey (visited)         Volcano (1/1)
    Orc: D:9-12

Annotations:
D:4 1 runed translucent door, Crazy Yiuf


Innate Abilities, Weirdness & Mutations

You have an increased reservoir of magic. (+10% MP)
You shall have no god before yourself.
Your divine heritage dramatically boosts your attributes as you level up.


Message History

Confirm with . or Enter, or press ? or * to list all spells.
Okay, then.
Unknown command.
Unknown command.
Casting: Poisonous Vapours (safe; 3% risk of failure)
Confirm with . or Enter, or press ? or * to list all spells.
Aiming: Poisonous Vapours (safe; 3% risk of failure)
Press: ? - help, Dir - move target, f - hell knight
Aim: a hell knight, wielding a +1 scimitar of flaming and wearing a +0 chain mail of fire resistance Poisonous vapours surround the hell knight!
The hell knight is poisoned.
Unknown command.
Casting: Poisonous Vapours (safe; 3% risk of failure)
Confirm with . or Enter, or press ? or * to list all spells.
Aiming: Poisonous Vapours (safe; 3% risk of failure)
Press: ? - help, Dir - move target, f/p - hell knight
Aim: a hell knight, wielding a +1 scimitar of flaming and wearing a +0 chain mail of fire resistance (very poisoned) Poisonous vapours surround the hell knight!
The hell knight looks as sick as possible!
Unknown command.
Aiming: Sandblast (safe; 1% risk of failure)
Press: ? - help, Q - select action, (/) - cycle Shift-Dir - straight line, f/p - hell knight
Aim: a hell knight, wielding a +1 scimitar of flaming and wearing a +0 chain mail of fire resistance (lightly wounded, extremely poisoned, 88% to hit)
The blast of sand hits the hell knight.
The hell knight is lightly wounded.
Aiming: Sandblast (safe; 1% risk of failure)
Press: ? - help, Q - select action, (/) - cycle Shift-Dir - straight line, f/p - hell knight
Aim: a hell knight, wielding a +1 scimitar of flaming and wearing a +0 chain mail of fire resistance (lightly wounded, extremely poisoned, 88% to hit)
The blast of sand hits the hell knight!
The hell knight is lightly wounded.
The air gets thick with the scent of sulphur.
The hell knight gestures wildly while chanting.
The hell knight seems to speed up.
The hell knight completely misses you. You block the hell knight's attack.
In the distance, the volcano erupts with a roar.
The hell knight hits you with a +1 scimitar of flaming!!
* * * LOW HITPOINT WARNING * * *
The hell knight burns you.
You die...

##..)..####
#.....#
#8...8#
#.....#
#.....#
#8.).8#
#.....#
#.....#
#8..@8#
#...p.#
#.....#
#8.∩.8#
##...##
##∩## ###


You could see a hell knight (fast, very poisoned).

Vanquished Creatures
  3 two-headed ogres (Volcano)
  An ogre mage (Volcano)
  An orc knight (Bailey)
  Pikel (D:4)
  Joseph (D:9)
  A troll (D:9)
  5 yaks (D:9)
  A steam dragon (D:6)
  2 water moccasins
  16 orc warriors
  A sky beast (D:5)
  3 black bears
  2 ogres
  2 centaurs (D:7)
  A kobold brigand (D:8)
  A phantom (D:6)
  3 bullfrogs
  A gnoll sergeant (D:9)
  A water moccasin zombie (D:4)
  2 scorpions (D:9)
  A wyvern skeleton (D:7)
  6 killer bees (D:9)
  6 wights
  2 howler monkeys
  A centaur zombie (D:6)
  2 hounds
  8 orc priests
  3 centaur skeletons
  A jelly (D:6)
  Ijyb (D:4)
  14 orc wizards
  A hound skeleton (D:5)
  A howler monkey zombie (D:8)
  Robin (D:3)
  5 gnolls (D:9)
  7 adders
  An adder skeleton (D:4)
  A worm (D:2)
  5 dart slugs
  37 orcs
  8 ball pythons
  6 bats
  4 endoplasms
  2 giant cockroaches
  9 goblins
  9 hobgoblins
  3 jackals (D:2)
  8 kobolds
  4 quokkas
  3 frilled lizards
  4 rats
213 creatures vanquished.

Vanquished Creatures (collateral kills)
  A lemure (D:4)
1 creature vanquished.

Vanquished Creatures (others)
  11 fungi (D:9)
  13 plants (D:9)
24 creatures vanquished.

Grand Total: 238 creatures vanquished

Notes
Turn   | Place    | Note
-------+----------+-------------------------------------------
     0 | D:1      | pkoi the Demigod Earth Elementalist began the quest for the
                  | Orb.
     0 | D:1      | Reached XP level 1. HP: 14/14 MP: 5/5
   246 | D:1      | Reached skill level 3 in Earth Magic
   567 | D:1      | Reached XP level 2. HP: 9/20 MP: 7/7
  1924 | D:2      | Reached XP level 3. HP: 16/27 MP: 2/8
  2408 | D:2      | Reached skill level 1 in Fighting
  2606 | D:2      | Learned a level 2 spell: Poisonous Vapours
  2933 | D:2      | Reached skill level 4 in Earth Magic
  2946 | D:2      | Reached skill level 1 in Air Magic
  2946 | D:2      | Reached skill level 1 in Poison Magic
  2946 | D:2      | Reached XP level 4. HP: 32/35 MP: 3/9
  6140 | D:4      | Noticed Robin
  6562 | D:3      | Killed Robin
  6563 | D:3      | Reached skill level 1 in Transmutations
  6563 | D:3      | Reached XP level 5. HP: 38/40 MP: 1/10
  6721 | D:4      | Noticed Pikel
  6768 | D:4      | Killed Pikel
  6769 | D:4      | Reached skill level 5 in Earth Magic
  6769 | D:4      | Reached XP level 6. HP: 35/47 MP: 1/11
  6869 | D:4      | Learned a level 4 spell: Petrify
  7054 | D:4      | Reached XP level 7. HP: 40/52 MP: 13/13
  7202 | D:4      | Found a runed translucent door.
  7203 | D:4      | Noticed Crazy Yiuf
  7704 | D:4      | Reached skill level 6 in Earth Magic
  7916 | D:4      | Noticed Ijyb
  7921 | D:4      | Killed Ijyb
  8191 | D:5      | Entered Level 5 of the Dungeon
  8262 | D:5      | Reached skill level 1 in Short Blades
  8763 | D:5      | Found a staircase to the Ecumenical Temple.
  9179 | D:6      | Reached skill level 1 in Armour
  9179 | D:6      | Reached XP level 8. HP: 61/61 MP: 8/14
  9320 | D:5      | Learned a level 2 spell: Passwall
 10418 | D:6      | Learned a level 1 spell: Apportation
 10970 | D:7      | Reached skill level 7 in Earth Magic
 11474 | D:7      | Reached skill level 1 in Translocations
 13034 | D:7      | Reached XP level 9. HP: 69/69 MP: 8/15
 14688 | D:9      | Found a flagged portal.
 14827 | Bailey   | Entered a bailey
 16473 | Bailey   | Reached XP level 10. HP: 23/78 MP: 18/18
 16717 | Bailey   | Learned a level 4 spell: Olgreb's Toxic Radiance
 17088 | Bailey   | Noticed an orc knight
 17136 | Bailey   | Killed an orc knight
 17137 | Bailey   | Reached skill level 5 in Stealth
 17137 | Bailey   | Reached skill level 8 in Earth Magic
 17137 | Bailey   | Reached skill level 5 in Poison Magic
 18342 | D:9      | Reached skill level 5 in Transmutations
 18392 | D:9      | Noticed Joseph
 18447 | D:9      | Killed Joseph
 19124 | D:9      | Found a staircase to the Lair.
 19443 | Lair:1   | Entered Level 1 of the Lair of Beasts
 19490 | Lair:1   | Noticed an elephant
 19531 | Lair:1   | Found a dark tunnel.
 19546 | Volcano  | Entered a volcano
 19580 | Volcano  | Noticed a two-headed ogre
 19589 | Volcano  | Noticed a two-headed ogre
 19589 | Volcano  | Noticed a two-headed ogre
 19600 | Volcano  | Noticed a hell knight
 19605 | Volcano  | Noticed a two-headed ogre
 19605 | Volcano  | Noticed a two-headed ogre
 19611 | Volcano  | Noticed a two-headed ogre
 19623 | Volcano  | Noticed an ogre mage
 19701 | Volcano  | Killed a two-headed ogre
 19702 | Volcano  | Reached skill level 1 in Shields
 19847 | Volcano  | Killed a two-headed ogre
 19884 | Volcano  | Killed a two-headed ogre
 19885 | Volcano  | Reached skill level 5 in Fighting
 19916 | Volcano  | Killed an ogre mage
 19917 | Volcano  | Reached XP level 11. HP: 50/86 MP: 11/20
 19938 | Volcano  | HP: 4/86 [something (8)]
 20026 | Volcano  | HP: 2/86 [hell knight/+1 scimitar of flaming (23)]
 20026 | Volcano  | Slain by a hell knight

Illustrated notes

Levels and vault maps discovered:
D:1:      minmay_arrival_checkered_box, layout_rooms
D:2:      layout_basic, basic_altar,
          hellmonk_ecumenical_altar_pennies_from_heaven
D:3:      layout_basic, elyvilon_altar_4, nicolae_ashenzari_skybound,
          serial_rivers, chequers_serial_rivers_small_b,
          chequers_serial_rivers_small_a, chequers_serial_rivers_room_b,
          chequers_serial_rivers_large_a, chequers_serial_rivers_room_a,
          nicolae_elevator_lobby_asterisk
D:4:      layout_loops_ring, fedhas_altar_2, mainiacjoe_overflow_catch_the_wave,
          minmay_misc_feat_four_crosses, uniq_ijyb, uniq_pikel,
          uniq_crazy_yiuf_cottage, uniq_robin
D:5:      layout_rooms, mainiacjoe_overflow_alcove_2,
          minmay_temple_entry_mini_moons
D:6:      layout_cave_pools
D:7:      layout_basic, vehumet_altar_wand_db, lemuel_round_altar
D:8:      layout_loops_ring
D:9:      layout_stronghold, grunt_lair_entry_orc_guard_hut, enter_bailey_2,
          uniq_joseph
Lair:1:   layout_cave_pods, nicolae_volcano_entry_hallway,
          nicolae_lair_run_with_the_wolves, grunt_megastairs_4, uniq_erica
Volcano:  kennysheep_volcano_temple

Skill      XL: |  1  2  3  4  5  6  7  8  9 10 |
---------------+-------------------------------+-----
Earth Magic    | 3 4 5 6 7 8 |  8.4
Fighting       | 1 3 4 5 |  5.0
Air Magic      | 1 2 3 |  3.0
Poison Magic   | 1 2 3 4 5 |  5.6
Transmutations | 1 2 3 4 5 |  5.4
Spellcasting   | 2 3 4 |  4.1
Stealth        | 2 3 4 5 |  5.7
Short Blades   | 1 2 3 4 |  4.7
Armour         | 1 2 3 4 |  4.6
Translocations | 1 |  1.0
Shields        | 2 |  2.2
Dodging        | |  1.7

Action                   |  1- 3 |  4- 6 |  7- 9 | 10-12 || total
-------------------------+-------+-------+-------+-------++-------
Melee: Dagger            |   110 |   111 |   243 |    12 ||   476
       Punch             |     1 |     1 |     7 |       ||     9
 Cast: Sandblast         |    25 |     9 |    55 |    10 ||    99
       Poisonous Vapours |       |    38 |   156 |    77 ||   271
       Olgreb's Toxic Ra |       |       |       |     4 ||     4
  Use: Scroll            |       |     6 |     4 |       ||    10
 Stab: Sleeping          |     4 |     1 |     1 |     2 ||     8
Armor: Robe              |    46 |    28 |    21 |       ||    95
       Leather armour    |       |       |   141 |     5 ||   146
Dodge: Dodged            |    84 |    81 |   176 |    17 ||   358
Block: Buckler           |       |       |       |     1 ||     1
